Map: Prion Terraces

Players

Tygo - Winner!

  • Race: Terran Terran
  • League: Diamond

PerseVerAnce

  • Race: Terran Terran
  • League: Diamond

VOD

Have the link to the VOD?

Description

How do you know when you have enough to roll over a siege line? I threw this game at 11 minutes because I thought I had enough but it wasn't even close.

Time

  • Played on: March 7, 2016, 12:31 a.m.
  • Length: 12:31
Show
View Real Time Build Order
Export as new Build Order

Tygo Terran - Winner!

Build Orders: MMM Bio 

Get SALT Encoding   

  12  0:01  SCV  
  13  0:13  SCV  
  14  0:17  Supply Depot  
  14  0:25  SCV  
  15  0:39  SCV  
  15  0:41  Barracks  
  16  0:45  Refinery  
  16  0:51  SCV  
  17  1:03  SCV  
  18  1:15  SCV  
  19  1:27  SCV  
  19  1:30  Barracks  
  21  1:32  Reaper  
  21  1:35  Supply Depot  
  21  1:40  Orbital Command  
  21  2:05  SCV  
  22  2:18  SCV  
  22  2:20  Command Center  
  23  2:26  Reaper  
  24  2:30  SCV  
  24  2:41  Factory  
  24  2:42  Marine  
  25  2:46  SCV  
  26  2:57  Marine  
  27  2:58  SCV  
  27  3:03  Marine  
  29  3:10  SCV  
  30  3:15  Marine  
  30  3:21  Marine  
  30  3:26  Supply Depot, Factory Tech Lab  
  31  3:31  SCV  
  31  3:33  Orbital Command, Marine, Bunker  
  33  3:43  SCV  
  34  3:55  Refinery, SCV  
  36  4:07  Engineering Bay  
  36  4:09  Cyclone  
  36  4:10  SCV, Starport, Orbital Command  
  36  4:15  Marine x2  
  40  4:24  SCV  
  40  4:38  SCV  
  41  4:40  Missile Turret  
  41  4:41  Missile Turret  
  41  4:43  Marine x2  
  43  4:48  Viking  
  45  4:53  SCV x2  
  47  5:00  Barracks  
  47  5:01  Barracks, Marine  
  47  5:04  Terran Infantry Armor Level 1  
  47  5:05  SCV x2  
  47  5:07  Barracks Tech Lab  
  49  5:20  SCV x2  
  50  5:26  Marine  
  50  5:27  Stimpack  
  51  5:32  SCV x2  
  53  5:45  Supply Depot  
  53  5:46  Supply Depot  
  53  5:48  Supply Depot  
  53  5:49  Barracks Reactor  
  53  5:52  Refinery  
  53  5:54  SCV  
  54  6:01  SCV  
  52  6:07  Siege Tank  
  52  6:09  SCV  
  56  6:13  SCV  
  56  6:17  Missile Turret  
  57  6:20  Marine x2  
  57  6:21  SCV  
  57  6:22  Medivac  
  57  6:25  SCV  
  64  6:33  SCV  
  64  6:36  Barracks Reactor  
  64  6:37  SCV  
  65  6:50  Marine x2  
  67  6:58  Barracks Reactor  
  67  6:59  Command Center  
  67  7:02  Engineering Bay  
  67  7:03  Armory  
  67  7:04  Siege Tank  
  70  7:09  Marine  
  70  7:11  SCV x2  
  73  7:23  SCV  
  73  7:29  Marine x2  
  75  7:30  Marine x2  
  75  7:32  Terran Infantry Weapons Level 1  
  75  7:34  Supply Depot  
  75  7:35  Supply Depot  
  75  7:36  Supply Depot  
  78  7:41  Siege Tank  
  78  7:42  Starport Reactor  
  81  7:48  Marine  
  81  7:49  Marine x4  
  86  7:55  Marine  
  87  7:59  Missile Turret  
  87  8:00  Terran Vehicle Weapons Level 1  
  87  8:01  Missile Turret  
  87  8:02  Missile Turret, Marine  
  87  8:03  Missile Turret  
  87  8:12  Marine  
  68  8:13  Marine  
  70  8:25  Marine x3  
  63  8:30  Marine x2  
  59  8:40  Combat Shields  
  59  8:41  Orbital Command  
  59  8:42  Marine  
  59  8:43  Marine x2  
  59  8:48  Marine x2  
  63  8:51  Terran Infantry Armor Level 2  
  63  8:52  Barracks  
  63  8:53  Barracks  
  63  8:55  Siege Tank  
  67  9:00  Marine x2  
  67  9:01  Marine  
  70  9:06  Marine  
  70  9:08  SCV x2  
  73  9:12  Marine  
  73  9:15  Medivac x2  
  78  9:18  Marine  
  78  9:20  SCV x2  
  81  9:30  Siege Tank  
  84  9:31  Orbital Command  
  84  9:34  Marine  
  84  9:35  Marine  
  86  9:44  Barracks Reactor x2  
  86  9:49  Barracks  
  86  9:58  Marine  
  86  9:59  Marine x2  
  89  10:02  SCV x3, Siege Tank  
  94  10:10  Marine x2  
  94  10:14  SCV x2  
  98  10:17  Marine x3  
  101  10:23  Medivac x2  
  101  10:26  Marine x4  
  109  10:29  Marine, Missile Turret  
  109  10:30  Marine, Missile Turret x2  
  109  10:35  Marine x3  
  114  10:44  Siege Tank, Marine  
  118  11:03  Marine x2  
  118  11:04  Marine x5  
  120  11:10  Marine  
  109  11:23  Marine x7  
  109  11:25  Marine x3  
  106  11:27  Siege Tank  
  106  11:28  Marine  
  106  11:29  Medivac x2  
  116  11:40  Marine  
  116  11:41  Marine  
  117  11:50  Marine  
  117  11:51  Marine x7  
  123  11:57  Marine  
  123  11:58  Marine  
Show
View Real Time Build Order
Export as new Build Order

PerseVerAnce Terran 

Build Orders: Bio Tank, Banshee Rush 

Get SALT Encoding   

  12  0:00  SCV  
  13  0:12  SCV  
  14  0:17  Supply Depot  
  14  0:25  SCV  
  14  0:28  Refinery  
  15  0:39  SCV  
  16  0:45  Barracks  
  16  0:51  SCV  
  17  1:03  SCV  
  18  1:05  Refinery  
  18  1:15  SCV  
  19  1:27  SCV  
  19  1:32  Reaper  
  21  1:39  Orbital Command  
  21  1:41  Factory  
  21  2:02  Supply Depot  
  21  2:09  Reaper  
  21  2:16  SCV  
  22  2:28  SCV  
  23  2:37  Hellion  
  25  2:41  SCV  
  25  2:42  Starport  
  26  2:49  Supply Depot  
  26  2:53  SCV  
  27  3:00  Factory Tech Lab  
  27  3:01  Barracks Reactor  
  27  3:05  SCV  
  28  3:17  SCV  
  28  3:24  Command Center  
  28  3:25  Starport Tech Lab  
  28  3:30  SCV  
  29  3:43  Siege Tank, Banshee  
  29  3:44  Cloaking Field  
  29  3:47  Marine  
  36  3:49  SCV  
  36  4:01  Marine  
  36  4:02  SCV  
  36  4:06  Marine  
  37  4:14  SCV  
  38  4:18  Barracks  
  38  4:19  Marine  
  39  4:32  Supply Depot  
  39  4:36  Siege Tank, Banshee, Marine x2  
  39  4:38  SCV  
  48  4:48  Engineering Bay  
  48  4:52  SCV  
  49  4:55  Marine x2  
  49  4:59  Supply Depot  
  51  5:07  Barracks  
  51  5:12  Marine  
  49  5:24  Marine  
  49  5:26  Barracks Tech Lab  
  51  5:28  SCV  
  51  5:29  Supply Depot  
  51  5:30  Starport Reactor  
  51  5:34  Orbital Command  
  51  5:40  SCV, Marine  
  53  5:44  Marine  
  54  5:52  SCV, Terran Infantry Weapons Level 1  
  54  5:54  Engineering Bay  
  55  6:01  Marine  
  55  6:02  Marine x2  
  58  6:04  SCV  
  59  6:11  Barracks Reactor  
  59  6:13  Barracks  
  59  6:15  Medivac x2  
  63  6:19  SCV x2, Marine  
  66  6:25  Supply Depot  
  66  6:29  Marine x2  
  66  6:31  Siege Tank  
  71  6:34  Stimpack  
  71  6:40  Marine  
  71  6:41  SCV  
  71  6:44  SCV  
  74  6:49  Command Center  
  74  6:53  SCV  
  75  6:56  Marine x3  
  75  6:57  Marine  
  75  6:59  Supply Depot  
  75  7:00  Marine  
  80  7:09  Barracks Reactor  
  80  7:12  SCV x2  
  80  7:13  Barracks  
  82  7:24  SCV  
  82  7:27  Medivac x2  
  87  7:31  Marine x4  
  87  7:32  Marine  
  87  7:34  SCV  
  87  7:36  SCV  
  94  7:37  Supply Depot  
  94  7:42  Refinery  
  94  7:58  Siege Tank, Marine x5  
  94  8:01  Marine x2  
  100  8:10  Marine  
  95  8:16  Medivac, Marine x4  
  89  8:30  Siege Tank  
  89  8:31  Marine x2  
  89  8:32  Marine  
  88  8:39  Marine x2  
  83  8:41  Marine x2  
  83  8:44  Barracks Reactor  
  83  8:47  SCV x2  
  86  8:56  Marine x2  
  86  8:57  Marine  
  86  9:01  Refinery  
  92  9:02  Siege Tank  
  92  9:08  Marine  
  92  9:09  Marine x3  
  96  9:10  SCV x2  
  96  9:15  Marine x2  
  96  9:16  Marine  
  101  9:19  Orbital Command  
  101  9:22  Marine x2  
  103  9:26  Marine  
  104  9:32  Combat Shields, Terran Infantry Armor Level 1  
  104  9:34  Marine x4  
  104  9:35  Siege Tank  
  111  9:42  Marine x2  
  111  9:43  Marine x2  
  115  9:54  Marine x2  
  117  10:03  Supply Depot x2  
  117  10:04  Marine x3  
  117  10:23  Marine  
  117  10:24  SCV x3, Marine x4  
  117  10:27  Marine  
  117  10:28  Marine x3  
  127  10:34  Siege Tank  
  131  10:36  SCV x2  
  131  10:40  Factory  
  133  10:43  Barracks  
  133  10:48  Barracks  
  133  10:50  Medivac x2  
  133  10:51  Marine  
  132  11:00  Marine  
  133  11:09  SCV, Marine  
  133  11:10  Marine x2  
  133  11:11  SCV x2, Siege Tank, Marine  
  133  11:14  Marine x4  
  99  11:22  Marine  
  84  11:27  Marine  
  84  11:29  SCV x2  
  84  11:31  Medivac x2  
  87  11:33  Siege Tank  
  87  11:34  Marine x5  
  87  11:35  Marine x2  
  87  11:36  Barracks Reactor  
  87  11:37  Barracks Reactor  
  97  11:44  Siege Tank  
  94  11:48  Orbital Command  
  94  11:53  Marine x4  
  94  11:54  Marine x4  
  90  12:01  Marine  
  99  12:11  Marine  
Tags
 
Add a new tag
Caveats
  • Supply blocks, unpowered buildings, or Contaminate may cause inaccurate times.
  • Supply counts are checked every 10 seconds.